 Dungeon Crawl Stone Soup version 0.28.0-1-gb440e238dd (webtiles) character file.

Game seed: 16932594327681496770

646 horus123 the Chopper (level 7, 0/81 HPs)
             Began as a Human Hunter on Feb 22, 2022.
             Was a Follower of Okawaru.
             Slain by Prince Ribbit (12 damage)
             ... on level 5 of the Dungeon.
             The game lasted 00:08:00 (5217 turns).

horus123 the Chopper (Human Hunter)                 Turns: 5217, Time: 00:08:01

Health: 0/81       AC: 11    Str: 13    XL:     7   Next: 82%
Magic:  7/7        EV:  6    Int: 11    God:    Okawaru [*.....]
Gold:   344        SH:  0    Dex: 15    Spells: 6/6 levels left

rFire   . . .      SeeInvis +   l - +2 hand axe (venom)
rCold   . . .      Faith    .   (no shield)
rNeg    . . .      Spirit   .   g - +1 chain mail
rPois   .          Reflect  .   f - +0 helmet
rElec   .          Harm     .   (no cloak)
rCorr   .          Rampage  .   (no gloves)
Will    .....                   (no boots)
Stlth   ..........              (no amulet)
HPRegen 0.23/turn               i - ring of see invisible
MPRegen 0.10/turn               (no ring)

@: berserking (expiring), very quick
A: no striking features
a: Renounce Religion, Heroism


You were on level 5 of the Dungeon.
You worshipped Okawaru.
Okawaru was aware of your devotion.
You visited 1 branch of the dungeon, and saw 5 of its levels.

You collected 344 gold pieces.

Inventory:

Hand Weapons
 a - a +1 hand crossbow
 l - a +2 hand axe of venom (weapon)
Missiles
 d - 16 bolts
 k - a throwing net (quivered)
Armour
 f - a +0 helmet (worn)
 g - a +1 chain mail (worn)
Jewellery
 i - a ring of see invisible (left hand)
 u - the ring of Pyfoc {rN+ Dex+2}
   (You found it on level 5 of the Dungeon)

   [ring of positive energy]

   Dex:       It affects your dexterity (+2).
   rN:        It protects you from negative energy.
Wands
 n - a wand of digging (5)
Scrolls
 h - 2 scrolls of fear
 m - a scroll of identify
 o - a scroll of magic mapping
 p - 2 scrolls of teleportation
 t - a scroll of enchant weapon {unknown}
 v - a scroll of blinking {unknown}
Potions
 b - a potion of flight
 c - a potion of degeneration
 e - 4 potions of lignification
 q - a potion of curing {unknown}
 r - a potion of might {unknown}
 s - a potion of resistance {unknown}


   Skills:
 - Level 4.0 Fighting
 - Level 5.3 Axes
 - Level 5.2 Crossbows
 + Level 2.5 Armour
 - Level 2.0 Dodging
 - Level 1.0 Stealth


You had 6 spell levels left.
You didn't know any spells.
Your spell library contained the following spells:

 Spells                   Type           Power      Damage    Failure   Level
 Blink                    Tloc           0%         N/A       100%        2
 Manifold Assault         Tloc           0%         N/A       100%        5
 Storm Form               Tmut/Air       0%         N/A       100%        7


Dungeon Overview and Level Annotations

Branches:
Dungeon (5/15)             Temple (0/1) D:5

Altars:
Cheibriados
Okawaru
Wu Jian

Shops:
D:1 (   D:2 *

Annotations:
D:5 Prince Ribbit


Message History

You closely miss Prince Ribbit.
Prince Ribbit is moderately wounded.
You hit the centaur zombie.
Prince Ribbit hits you but does no damage.
You miss Prince Ribbit.
Prince Ribbit is moderately wounded.
You slash the centaur zombie! The centaur zombie hits you.
* * * LOW HITPOINT WARNING * * *
The centaur zombie kicks you but does no damage.
Prince Ribbit hits you.
* * * LOW HITPOINT WARNING * * *
You miss Prince Ribbit.
Prince Ribbit is moderately wounded.
You hit the centaur zombie. The centaur zombie barely misses you.
The centaur zombie kicks you.
* * * LOW HITPOINT WARNING * * *
Prince Ribbit barely misses you.
Unknown command.
You barely miss Prince Ribbit.
Prince Ribbit is moderately wounded.
You slash the centaur zombie!
You destroy the centaur zombie!
Okawaru accepts your kill. Prince Ribbit hits you!
* * * LOW HITPOINT WARNING * * *
You closely miss Prince Ribbit.
Prince Ribbit is moderately wounded.
Prince Ribbit hits you.
* * * LOW HITPOINT WARNING * * *
You closely miss Prince Ribbit.
Prince Ribbit is moderately wounded.
Prince Ribbit blinks!
You feel a strong urge to attack something.
You closely miss Prince Ribbit.
Prince Ribbit is moderately wounded.
You slash Prince Ribbit!
Prince Ribbit looks as sick as possible!
Prince Ribbit is heavily wounded.
Prince Ribbit hits you!
You die...

##.................
#.................
#...........######
#...........#
#########..###.##
#..........# #.#
#..........###.#
#......F....##.#
#.....@...#.##.#
#.........#.##.#
#.........#.#
#.........#..
#.........+
#........[#
#.........#
######.#### ...


You could see Prince Ribbit (extremely poisoned).

Vanquished Creatures
  Pargi (D:4)
  A kobold brigand (D:5)
  2 scorpions
  A centaur zombie (D:5)
  A hound (D:5)
  An orc priest (D:5)
  A jelly (D:5)
  An iguana (D:5)
  Ijyb (D:3)
  An orc wizard (D:5)
  7 adders
  A shadow imp (D:4)
  A worm (D:2)
  A dart slug (D:1)
  3 orcs (D:5)
  6 endoplasms
  A giant cockroach (D:1)
  2 hobgoblins (D:1)
  8 jackals
  2 quokkas (D:2)
  10 ball pythons
  3 bats
  A frilled lizard (D:1)
  9 goblins
  7 kobolds
  24 rats
97 creatures vanquished.

Vanquished Creatures (collateral kills)
  An endoplasm (D:1)
1 creature vanquished.

Vanquished Creatures (others)
  3 plants (D:3)
3 creatures vanquished.

Grand Total: 101 creatures vanquished

Notes
Turn   | Place    | Note
-------+----------+-------------------------------------------
     0 | D:1      | horus123 the Human Hunter began the quest for the Orb.
     0 | D:1      | Reached XP level 1. HP: 16/16 MP: 1/1
    21 | D:1      | Found Edietzer's Weapon Boutique.
   223 | D:1      | Reached XP level 2. HP: 10/23 MP: 2/2
   695 | D:1      | Reached XP level 3. HP: 24/29 MP: 3/3
  1681 | D:2      | Reached XP level 4. HP: 37/37 MP: 4/4
  1875 | D:2      | Found a faded altar of an unknown god.
  2509 | D:2      | Reached XP level 5. HP: 42/42 MP: 5/5
  2748 | D:2      | Found Uplohaos's General Store.
  2782 | D:3      | Noticed Ijyb
  2790 | D:3      | Killed Ijyb
  2791 | D:3      | Reached skill level 5 in Crossbows
  2982 | D:3      | Reached skill level 1 in Axes
  3326 | D:3      | Found an iron altar of Okawaru.
  3464 | D:3      | Became a worshipper of Warmaster Okawaru
  3663 | D:4      | Reached XP level 6. HP: 33/48 MP: 6/6
  3867 | D:4      | Found a snail-covered altar of Cheibriados.
  4148 | D:4      | Noticed Pargi
  4167 | D:4      | Killed Pargi
  4572 | D:4      | Found an ornate altar of the Wu Jian Council.
  4614 | D:5      | Entered Level 5 of the Dungeon
  4708 | D:5      | Reached XP level 7. HP: 42/54 MP: 7/7
  4718 | D:5      | Reached * piety under Okawaru
  4719 | D:5      | Reached skill level 5 in Axes
  5007 | D:5      | Found a staircase to the Ecumenical Temple.
  5012 | D:5      | Identified the ring of Pyfoc {rN+ Dex+2}
  5032 | D:5      | Reached skill level 1 in Armour
  5198 | D:5      | Noticed Prince Ribbit
  5217 | D:5      | Slain by Prince Ribbit

Illustrated notes

Levels and vault maps discovered:
D:1:      co_arrival_square_in_a_square_in_a_square, layout_loops_cross,
          serial_shops, nicolae_shop_bloodbath_and_beyond,
          hangedman_decor_points, st_stairs_14
D:2:      layout_basic, hellmonk_ecumenical_altar_inner_sanctum, serial_shops,
          nicolae_shop_behind_doors, minmay_rat_hole
D:3:      layout_loops_ring, mainiacjoe_overflow_small_starburst, serial_glass,
          glass_columns_b, glass_columns_a, glass_columns_a, glass_columns_c,
          glass_columns_b, glass_columns_a, glass_columns_a, glass_columns_b,
          glass_columns_a, glass_columns_a, grunt_decor_resistance,
          minivault_19, serial_bayou_lagoon_b, uniq_ijyb
D:4:      layout_loops_cross, nzn_wu_jian_council_hall, cheibriados_altar_1,
          uniq_pargi
D:5:      layout_basic, vehumet_statue, minmay_temple_entry_junction,
          uniq_prince_ribbit1

Skill      XL: |  1  2  3  4  5  6  7 |
---------------+----------------------+-----
Fighting       | 3 4 |  4.0
Crossbows      | 5 |  5.2
Axes           | 2 4 5 |  5.3
Armour         | 2 |  2.5
Dodging        | |  2.0
Stealth        | |  1.0

Action                   |  1- 3 |  4- 6 |  7- 9 || total
-------------------------+-------+-------+-------++-------
Melee: Short sword       |    50 |       |       ||    50
       Hand axe          |    12 |   140 |    40 ||   192
 Fire: Hand crossbow     |    35 |    28 |     9 ||    72
  Use: Scroll            |     2 |     6 |       ||     8
       Potion            |       |     1 |     1 ||     2
Armor: Leather armour    |     4 |       |       ||     4
       Chain mail        |    68 |   103 |    33 ||   204
Dodge: Dodged            |    33 |    59 |    13 ||   105
